 Dungeon Crawl Stone Soup version 0.18.1-50-g88ac8fd (webtiles) character file.

45339 magog001 the Slicer (level 14, -9/124 HPs)
             Began as a Minotaur Fighter on Feb 6, 2017.
             Was the Champion of Nemelex Xobeh.
             Splashed by an acid blob's acid (11 damage)
             ... on level 7 of the Lair of Beasts on Feb 9, 2017.
             The game lasted 02:48:25 (25804 turns).

magog001 the Slicer (Minotaur Fighter)             Turns: 25804, Time: 02:48:26

Health: -9/124     AC: -4    Str: 36    XL:     14   Next: 0%
Magic:  16/16      EV: 14    Int:  5    God:    Nemelex Xobeh [******]
Gold:   774        SH:  8    Dex: 14    Spells: 0 memorised, 13 levels left

rFire  + . .     SeeInvis .     k - +2 short sword (venom)
rCold  . . .     Gourm    .     h - +4 plate armour {rF+}
rNeg   . . .     Faith    .     x - +1 buckler {AC+3}
rPois  .         Spirit   .     (helmet restricted)
rElec  .         Dismiss  .     r - +1 cloak
rCorr  .         Reflect  .     (no gloves)
SustAt .         Harm     .     I - +1 pair of boots {Stlth+}
MR     +....                    (no amulet)
Stlth  ..........               G - +3 ring of protection
                                z - +4 ring of dexterity

@: corroded, immense fortitude, somewhat resistant to hostile enchantments,
extremely unstealthy
A: retaliatory headbutt, horns 2, blink, mutation resistance 1
a: Blink, Triple Draw, Deal Four, Stack Five, Renounce Religion


You were on level 7 of the Lair of Beasts.
You worshipped Nemelex Xobeh.
Nemelex Xobeh was exalted by your worship.
You were not hungry.

You visited 3 branches of the dungeon, and saw 20 of its levels.
You also visited: Labyrinth and Sewer.

You collected 1165 gold pieces.
You spent 391 gold pieces at shops.

Inventory:

Hand Weapons
 e - a +0 blowgun
 k - a +2 short sword of venom (weapon)
Missiles
 l - 54 poisoned needles
 N - 2 tomahawks of returning (quivered)
Armour
 h - a +4 plate armour of fire resistance (worn)
 r - a +1 cloak (worn)
 x - a +1 buckler of protection (worn)
 I - a +1 pair of boots of stealth (worn)
Jewellery
 z - a +4 ring of dexterity (left hand)
 G - a +3 ring of protection (right hand)
Wands
 c - a wand of acid (5/15)
 o - a wand of flame (2/48)
 v - a wand of digging (19/24)
 w - a wand of iceblast (6/15)
 y - a wand of paralysis (10/24)
 A - a wand of acid (8/15)
 F - a wand of iceblast (3/15)
 O - a wand of hasting (0/9)
 Q - a wand of acid (2/15)
 V - a wand of lightning (6/15)
 W - a wand of digging (11/24)
 X - a wand of disintegration (5/24)
Scrolls
 g - a scroll of magic mapping
 s - a scroll of fear
 M - 7 scrolls of remove curse
 R - a scroll of blinking
 U - 2 scrolls of teleportation
Potions
 a - a potion of berserk rage
 d - 4 potions of might
 j - 5 potions of agility
 m - 4 potions of curing
 n - 4 potions of flight
 q - 2 potions of heal wounds
Miscellaneous
 b - a legendary deck of war {drawn: 1}
 i - a legendary deck of war {drawn: 1}
 p - a phantom mirror
 t - a legendary deck of destruction {drawn: 3}
 B - an ornate deck of war
 C - a legendary deck of war
 D - a fan of gales
 E - a legendary deck of destruction
 H - an ornate deck of war
 J - a plain deck of destruction
 L - an ornate deck of war
 P - an ornate deck of war
 S - an ornate deck of escape
 Y - a legendary deck of war
 Z - a crystal ball of energy
Comestibles
 f - 11 bread rations
 u - 2 meat rations
 K - 17 fruits
 T - 7 beef jerkies


   Skills:
 + Level 11.3 Fighting
 * Level 14.3 Short Blades
   Level 3.0 Axes
 * Level 4.5 Throwing
 + Level 13.0 Armour
 + Level 9.6 Dodging
 + Level 3.5 Stealth
 + Level 11.6 Shields
 + Level 4.3 Evocations


You had 13 spell levels left.
You didn't know any spells.

Dungeon Overview and Level Annotations

Branches:
Dungeon (12/15)            Temple (0/1) D:4            Lair (7/8) D:10
 Shoals (0/4) Lair:3       Spider (0/4) Lair:6        Slime (1/6) Lair:7
    Orc: D:9-12

Altars:
Elyvilon
Fedhas
Gozag
Nemelex Xobeh
Ru
Sif Muna
Trog
Zin
The Shining One
Jiyva

Shops:
D:4 (   D:5 [   D:6 =   D:8 %


Innate Abilities, Weirdness & Mutations

You reflexively headbutt those who attack you in melee.
You have a pair of horns on your head.
You can translocate small distances at will.
You are somewhat resistant to further mutation.


Message History

Drink which item? (? for menu, Esc to quit)
You feel much better. The acid blob spits acid at you.
The splash of acid hits you!
* * * LOW HITPOINT WARNING * * *
The acid burns!
You block the acid blob's attack. You block the acid blob's attack.
There is a viscous altar of Jiyva here.
There is an open door here.
The acid blob spits acid at you. The splash of acid hits you!
* * * LOW HITPOINT WARNING * * *
The acid corrodes you!
The acid burns!
* * * LOW HITPOINT WARNING * * *
Drink which item? (? for menu, Esc to quit)
You feel much better. The acid blob hits you!!
* * * LOW HITPOINT WARNING * * *
You are splashed with acid!
The acid corrodes you!
The acid burns!
You die...
Your body disappears without a glow.

..........................#
..........................#
..........................#*
...........................#
PP.#..............#####...##*
P.P..............#######....*
...P.......#.....##...##..###
..#........#.....##.>.##..#*
............#...@J._..#*,,,*
.................######*,,,*
..P..............## **,***
..................#****,,**
.##..................,,,,,*
.##.#......###........,****
######....P#*.#...#.##,*
#P.P.######P#####*** ######
*##


You could see an acid blob.

Vanquished Creatures
  Gastronok (Lair:2)
  A minotaur (Lab)
  A great orb of eyes (Slime:1)
  A fire dragon (D:10)
  A hydra (Lair:5)
  A catoblepas (Lair:7)
  4 death yaks
  A shambling mangrove (D:10)
  A hill giant (D:8)
  A necromancer (Lair:6)
  An orb spider (Lair:6)
  6 black mambas
  Joseph (Lair:1)
  16 elephants
  12 spiny frogs
  3 komodo dragons
  2 trolls (D:10)
  The ghost of Azzok the Chopper, an amateur DDFi (D:4)
  A spriggan druid (Lair:4)
  A two-headed ogre (D:9)
  2 polar bears
  Prince Ribbit (D:9)
  3 slime creatures (Slime:1)
  12 blink frogs
  45 yaks
  3 basilisks
  9 hippogriffs
  4 hungry ghosts
  A steam dragon (D:7)
  14 water moccasins
  7 orc warriors
  13 porcupines
  A phantom (D:9)
  A black bear (D:8)
  2 sky beasts
  5 ogres
  A wasp (D:10)
  6 wolves
  4 centaurs
  11 crocodiles
  2 big kobolds
  15 giant frogs
  2 scorpions
  7 killer bees
  4 wights (D:6)
  A howler monkey (D:6)
  An electric eel (D:10)
  A centaur zombie (D:9)
  6 jellies
  6 crimson imps
  2 giant frog zombies
  9 hounds
  10 orc wizards
  Crazy Yiuf (D:2)
  8 orc priests
  A giant frog skeleton (D:4)
  A centaur skeleton (D:4)
  7 iguanas
  3 worker ants
  3 polar bear simulacra (Lair:6)
  3 yak simulacra (Lair:6)
  2 wolf simulacra (Lair:6)
  5 sheep
  A hound zombie (D:8)
  A hound skeleton (D:7)
  A howler monkey zombie (D:7)
  A worker ant zombie (D:7)
  A gnoll (D:2)
  16 adders
  40 river rats
  3 shadow imps
  3 oozes
  4 worms
  2 adder skeletons
  4 dart slugs
  7 giant geckos
  41 orcs
  5 ball pythons
  4 bats
  4 giant cockroaches
  3 goblins
  8 hobgoblins
  6 jackals
  23 kobolds
  4 quokkas
  A giant gecko skeleton (D:6)
  8 giant newts
  2 jackal skeletons (D:6)
  19 rats
  3 river rat simulacra (Lair:6)
517 creatures vanquished.

Vanquished Creatures (collateral kills)
  A hydra (Lair:6)
  A steam dragon (D:9)
  2 wasps (D:10)
  3 plants (D:10)
7 creatures vanquished.

Vanquished Creatures (others)
  13 fungi
  6 plants
19 creatures vanquished.

Grand Total: 543 creatures vanquished

Notes
Turn   | Place    | Note
--------------------------------------------------------------
     0 | D:1      | magog001 the Minotaur Fighter began the quest for the Orb.
     0 | D:1      | Reached XP level 1. HP: 19/19 MP: 0/0
   365 | D:1      | Reached XP level 2. HP: 27/27 MP: 1/1
   919 | D:2      | Reached XP level 3. HP: 18/33 MP: 2/2
  1435 | D:2      | Reached XP level 4. HP: 35/40 MP: 3/3
  1438 | D:2      | Reached skill level 1 in Dodging
  1512 | D:2      | Noticed Crazy Yiuf
  1521 | D:2      | Killed Crazy Yiuf
  1521 | D:2      | Reached skill level 1 in Short Blades
  1836 | D:2      | Reached skill level 5 in Shields
  1836 | D:2      | Reached XP level 5. HP: 27/46 MP: 4/4
  1841 | D:2      | Reached skill level 2 in Short Blades
  2456 | D:3      | Found a glowing drain.
  2477 | Sewer    | Entered a sewer
  2793 | Sewer    | Reached XP level 6. HP: 52/53 MP: 5/5
  2828 | Sewer    | Gained mutation: You can translocate small distances at will. [potion of mutation]
  2828 | Sewer    | Gained mutation: You are somewhat resistant to further mutation. [potion of mutation]
  3363 | Sewer    | Reached skill level 3 in Short Blades
  3363 | Sewer    | Reached skill level 5 in Armour
  4220 | D:3      | Reached XP level 7. HP: 60/60 MP: 6/6
  4481 | D:4      | Found a blossoming altar of Fedhas.
  4553 | D:4      | Found a staircase to the Ecumenical Temple.
  4568 | D:4      | Reached skill level 5 in Fighting
  4589 | D:4      | Found Bemu's Weapon Shoppe.
  4604 | D:4      | Bought 3 tomahawks for 18 gold pieces
  4638 | D:4      | Found a sparkling altar of Nemelex Xobeh.
  4652 | D:4      | Became a worshipper of Nemelex Xobeh the Trickster
  4659 | D:4      | Received a gift from Nemelex Xobeh
  4675 | D:4      | Noticed Azzok's ghost (amateur DDFi)
  4842 | D:4      | Killed Azzok's ghost
  4842 | D:4      | Reached skill level 4 in Short Blades
  5173 | D:4      | Reached XP level 8. HP: 68/68 MP: 7/7
  5484 | D:5      | Entered Level 5 of the Dungeon
  5484 | D:5      | Reached * piety under Nemelex Xobeh
  5819 | D:5      | Found a bloodstained altar of Trog.
  5907 | D:5      | Found Ozas's Armour Emporium.
  6156 | D:6      | Found Folluill's Jewellery Emporium.
  6199 | D:5      | Bought a +1 buckler of protection for 198 gold pieces
  6250 | D:6      | Reached skill level 5 in Dodging
  6350 | D:6      | Received a gift from Nemelex Xobeh
  6388 | D:6      | Found a deep blue altar of Sif Muna.
  6542 | D:6      | Reached ** piety under Nemelex Xobeh
  6553 | D:6      | Reached skill level 1 in Stealth
  6701 | D:6      | Reached skill level 5 in Short Blades
  6701 | D:6      | Reached skill level 1 in Evocations
  6780 | D:6      | Reached XP level 9. HP: 63/75 MP: 8/8
  7180 | D:7      | Got a twisted hunting sling
  7181 | D:7      | Identified the +5 hunting sling "Emeonn" {velocity, MP+9 Int+3} (You found it on level 7 of the Dungeon)
  7219 | D:7      | Reached skill level 6 in Short Blades
  7661 | D:8      | Noticed a hill giant
  7676 | D:8      | Killed a hill giant
  7676 | D:8      | Reached skill level 7 in Short Blades
  7877 | D:8      | Received a gift from Nemelex Xobeh
  7976 | D:8      | Found Ihoycu's Food Emporium.
  7981 | D:8      | Bought 2 fruits for 42 gold pieces
  7981 | D:8      | Bought a beef jerky for 21 gold pieces
  7981 | D:8      | Bought a fruit for 21 gold pieces
  7981 | D:8      | Bought a slice of pizza for 21 gold pieces
  7981 | D:8      | Bought a bread ration for 70 gold pieces
  8161 | D:8      | Reached skill level 8 in Short Blades
  8185 | D:8      | Reached XP level 10. HP: 62/84 MP: 9/9
  8381 | D:8      | Received a gift from Nemelex Xobeh
  8392 | D:8      | Reached *** piety under Nemelex Xobeh
  8522 | D:8      | Found a sacrificial altar of Ru.
  8522 | D:8      | Found an opulent altar of Gozag.
  9238 | D:9      | Found a glowing golden altar of the Shining One.
  9239 | D:9      | Found a white marble altar of Elyvilon.
  9258 | D:9      | Found a glowing silver altar of Zin.
  9466 | D:9      | Noticed Prince Ribbit
  9480 | D:9      | Killed Prince Ribbit
  9480 | D:9      | Reached skill level 9 in Short Blades
  9710 | D:9      | Received a gift from Nemelex Xobeh
 10573 | D:10     | Entered Level 10 of the Dungeon
 10827 | D:10     | Found a staircase to the Lair.
 10827 | D:10     | Noticed an oklob plant
 11267 | D:10     | You fall through a shaft for 2 floors!
 11273 | D:12     | Received a gift from Nemelex Xobeh
 11297 | D:12     | Reached **** piety under Nemelex Xobeh
 11308 | D:12     | Noticed a deep elf mage
 11310 | D:12     | Noticed a red ugly thing
 11312 | D:12     | Noticed an orc knight
 11353 | D:11     | Reached XP level 11. HP: 81/94 MP: 9/11
 11371 | D:11     | Reached skill level 10 in Short Blades
 11792 | D:10     | Received a gift from Nemelex Xobeh
 11828 | D:10     | Noticed a fire dragon
 11852 | D:10     | Killed a fire dragon
 11852 | D:10     | Reached skill level 10 in Armour
 12653 | D:10     | Noticed a shambling mangrove
 12653 | D:10     | an oklob plant changed into a shambling mangrove
 12668 | D:10     | Killed a shambling mangrove
 13520 | Lair:1   | Entered Level 1 of the Lair of Beasts
 14003 | Lair:1   | Reached skill level 11 in Short Blades
 14124 | Lair:1   | Reached skill level 10 in Shields
 14298 | Lair:1   | Noticed Joseph
 14323 | Lair:1   | Killed Joseph
 14490 | Lair:1   | Received a gift from Nemelex Xobeh
 14914 | Lair:2   | Found a labyrinth entrance.
 14925 | Lab      | Entered a labyrinth
 18396 | Lab      | Received a gift from Nemelex Xobeh
 18709 | Lab      | Noticed a minotaur
 18716 | Lab      | Killed a minotaur
 18716 | Lab      | Reached XP level 12. HP: 104/104 MP: 13/13
 18767 | Lab      | Identified a +2 rod of clouds (11/11) (You found it in a labyrinth)
 18945 | Lair:2   | Noticed Gastronok
 18979 | Lair:2   | Killed Gastronok
 19077 | Lair:2   | Reached ***** piety under Nemelex Xobeh
 19111 | Lair:2   | Received a gift from Nemelex Xobeh
 19381 | Lair:3   | Found a staircase to the Shoals.
 19429 | Lair:3   | Noticed a death yak
 19430 | Lair:3   | Noticed a death yak
 19431 | Lair:3   | Noticed a death yak
 19451 | Lair:3   | Killed a death yak
 19468 | Lair:3   | Killed a death yak
 19474 | Lair:3   | Killed a death yak
 19474 | Lair:3   | Reached skill level 12 in Short Blades
 19777 | Lair:3   | Received a gift from Nemelex Xobeh
 20467 | Lair:4   | Received a gift from Nemelex Xobeh
 20528 | Lair:4   | Reached skill level 10 in Fighting
 20983 | Lair:4   | Received a gift from Nemelex Xobeh
 21577 | Lair:4   | Received a gift from Nemelex Xobeh
 21822 | Lair:5   | Reached skill level 13 in Short Blades
 21862 | Lair:5   | Reached XP level 13. HP: 112/113 MP: 14/14
 21866 | Lair:5   | Reached skill level 1 in Throwing
 22046 | Lair:5   | Reached ****** piety under Nemelex Xobeh
 22046 | Lair:5   | Received a gift from Nemelex Xobeh
 22616 | Lair:5   | Received a gift from Nemelex Xobeh
 22846 | Lair:6   | Received a gift from Nemelex Xobeh
 23409 | Lair:6   | Found a hole to the Spider Nest.
 23443 | Lair:6   | Received a gift from Nemelex Xobeh
 24588 | Lair:7   | Found a viscous altar of Jiyva.
 24588 | Lair:7   | Found a staircase to the Slime Pits.
 24617 | Lair:7   | Received a gift from Nemelex Xobeh
 24885 | Lair:7   | Reached skill level 14 in Short Blades
 25527 | Slime:1  | Entered Level 1 of the Pits of Slime
 25532 | Slime:1  | Paralysed by a great orb of eyes for 4 turns
 25559 | Slime:1  | Reached XP level 14. HP: 62/124 MP: 16/16
 25771 | Slime:1  | Received a gift from Nemelex Xobeh
 25775 | Slime:1  | Noticed an acid blob
 25797 | Slime:1  | HP: 2/124 [acid (8)]
 25803 | Lair:7   | HP: 6/124 [acid (9)]
 25804 | Lair:7   | HP: 2/124 [acid blob (20)]
 25804 | Lair:7   | Splashed by an acid blob's acid

Skill      XL: |  1  2  3  4  5  6  7  8  9 10 11 12 13 |
---------------+----------------------------------------+-----
Fighting       | 4 5 6 8 9 10 11 | 11.3
Shields        | 4 5 6 7 8 9 10 11 | 11.6
Armour         | 4 5 7 8 9 10 12 13 | 13.0
Dodging        | 1 2 4 5 6 7 9 |  9.6
Short Blades   | 1 2 3 4 5 8 9 11 13 14 | 14.3
Axes           | 3 |  3.0
Stealth        | 1 2 3 |  3.5
Evocations     | 1 2 3 4 |  4.3
Throwing       | 4 |  4.5

Action                   |  1- 3 |  4- 6 |  7- 9 | 10-12 | 13-15 || total
-------------------------+-------+-------+-------+-------+-------++-------
Melee: War axe           |    49 |       |       |       |       ||    49
       Headbutt          |    10 |    35 |    80 |   288 |   219 ||   632
       Short sword       |    29 |   226 |   339 |  1000 |   649 ||  2243
Throw: Tomahawk          |       |       |       |     8 |       ||     8
Evoke: Deck              |       |       |     3 |     9 |     5 ||    17
       Wand              |       |       |       |    42 |    12 ||    54
       Rod               |       |       |       |     1 |       ||     1
  Use: Scroll            |       |     4 |     8 |    15 |     5 ||    32
       Potion            |       |     6 |     1 |     6 |     6 ||    19
 Stab: Paralysed         |       |       |       |     1 |     1 ||     2
  Eat: Chunk             |     2 |     9 |     5 |    13 |     6 ||    35
       Beef jerky        |       |       |     2 |     1 |     1 ||     4
       Bread ration      |       |       |     1 |     6 |       ||     7
       Pizza             |       |       |       |     2 |       ||     2
       Meat ration       |       |       |       |     4 |     1 ||     5
       Royal jelly       |       |       |       |     1 |       ||     1
Armor: Scale mail        |    36 |    86 |    86 |   174 |       ||   382
       Plate armour      |       |       |       |   104 |   257 ||   361
Dodge: Dodged            |    18 |    73 |   118 |   340 |   238 ||   787
Block: Shield            |    39 |   166 |    56 |       |       ||   261
       Buckler           |       |       |    43 |   230 |   190 ||   463
